AoeStats
← TheGhostmaster

Fortress

509697461Analyzed
4v4 RM · 5d ago on Sep 27, 2026· 13m 45s· 8 players
Game mode
Random Map
Map size
Huge
Population
200
Speed
Normal
Resources
Standard
Victory
Conquest
Starting age
Dark Age
Ending age
Imperial Age
RankedLock teamsTeams togetherTeam positionsShared explorationLock speedFull tech treeHidden civsTurbo modeCheats
Victory
Defeat
🇧🇪 Bohemians · Belgium
1504
+18
🇦🇷 Aztecs · Argentina
1475
+19
🇫🇮 Huns · Finland
1474
+19
🇩🇪 Koreans · Germany
1466
+20
🇬🇧 Slavs · United Kingdom
1585
-21
🇨🇳 Hindustanis · China
1583
-20
🇧🇷 Varangians · Brazil
1544
-19
🇲🇽 Khmer · Mexico
1477
-16
enzoyin68
7:30 Feudal Age
8:31 Double-Bit Axe
11:10 Castle Age
9:04 Horse Collar
9:34 Horse Collar
12:09 Bow Saw
12:02 Heavy Plow
.
7:49 Feudal Age
10:45 Castle Age
8:48 Double-Bit Axe
8:51 Horse Collar
10:28 Loom
11:44 Bow Saw
11:36 Heavy Plow
leaftopjo
8:39 Feudal Age
9:36 Double-Bit Axe
9:54 Horse Collar
12:39 Castle Age
13:46 Heavy Plow
13:57 Bow Saw
Mr. M
7:17 Feudal Age
11:19 Castle Age
10:12 Double-Bit Axe
10:07 Horse Collar
12:41 Bow Saw
13:08 Wheelbarrow
13:29 Heavy Plow
Irrelevant
7:35 Feudal Age
11:37 Castle Age
9:40 Double-Bit Axe
9:49 Horse Collar
12:35 Bow Saw
14:11 Heavy Plow
Malice
7:33 Feudal Age
11:27 Castle Age
10:14 Double-Bit Axe
10:10 Horse Collar
12:27 Bow Saw
12:21 Heavy Plow
Ficki-T-E
7:57 Feudal Age
8:42 Double-Bit Axe
11:46 Castle Age
10:07 Horse Collar
TheGhostmaster
1:25 Loom
8:45 Feudal Age
9:12 Double-Bit Axe
9:08 Horse Collar
13:14 Castle Age
11:45 Gold Mining
11:45 Stone Mining
14:00 Heavy Plow
14:13 Bow Saw
Connection lost

Rejoining the realm…

Still unreachable

The connection could not be restored.

Session expired

The server has moved on; the page needs a fresh start.